AoeStats
← Blyad _Mann

Black Forest

508652216Analyzed
4v4 RM · 9d ago on Sep 23, 2026· 49m 1s· 8 players
Game mode
Random Map
Map size
Large (8 player)
Population
200
Speed
Normal
Resources
Standard
Victory
Conquest
Starting age
Dark Age
Ending age
Imperial Age
RankedLock teamsTeams togetherTeam positionsShared explorationLock speedFull tech treeHidden civsTurbo modeCheats
Victory
Defeat
1115
+15
🇹🇼 Turks · Taiwan
1079
+17
🇹🇼 Bohemians · Taiwan
1076
+17
🇹🇼 Vietnamese · Taiwan
1073
+17
🇳🇱 Bohemians · Netherlands
1165
-18
🇳🇱 Aztecs · Netherlands
1134
-18
🇺🇸 Britons · United States
1121
-18
🇳🇱 Danes · Netherlands
976
-12
HotHardFatherDaddy
10:04 Loom
14:11 Feudal Age
14:53 Double-Bit Axe
19:05 Fishing Lines
21:53 Castle Age
19:52 Fletching
20:37 Gold Mining
20:37 Stone Mining
20:33 Horse Collar
22:48 Bow Saw
28:57 Imperial Age
27:05 Bodkin Arrow
29:29 Coinage
30:06 Wheelbarrow
30:15 Ballistics
30:00 Bracer
33:06 Hand Cart
33:33 Banking
34:17 Yeomen
34:23 Elite Longbowman
35:07 Pikeman
35:47 Squires
35:50 Scale Mail Armor
36:00 Forging
35:51 Padded Archer Armor
37:23 Chemistry
36:48 Chain Mail Armor
39:46 Two-Man Saw
38:48 Heavy Plow
39:15 Siege Engineers
39:35 Conscription
39:21 Gillnets
39:30 Halberdier
41:06 Plate Mail Armor
43:32 Warwolf
44:27 Iron Casting
MIB Asterix
0:43 Loom
15:43 Feudal Age
20:28 Castle Age
19:25 Horse Collar
19:32 Double-Bit Axe
20:25 Wheelbarrow
25:12 Bow Saw
25:54 Heavy Plow
29:40 Caravan
31:28 Hand Cart
32:35 Chemistry
35:32 Imperial Age
33:29 Ballistics
33:55 Padded Archer Armor
33:46 Fletching
34:29 Fortified Wall
34:30 Masonry
34:56 Leather Archer Armor
35:19 Wagenburg Tactics
36:42 Conscription
36:55 Ring Archer Armor
37:41 Architecture
37:37 Bodkin Arrow
37:45 Scale Mail Armor
37:56 Forging
39:16 Town Watch
39:39 Siege Engineers
39:07 Houfnice
39:46 Pikeman
40:27 Squires
40:43 Chain Mail Armor
42:13 Halberdier
43:26 Plate Mail Armor
43:32 Iron Casting
43:29 Bodkin Arrow
47:20 Blast Furnace
47:15 Arson
Blyad _Mann
0:28 Loom
14:18 Feudal Age
15:07 Double-Bit Axe
15:04 Horse Collar
15:23 Stone Mining
18:53 Gold Mining
18:54 Man-at-Arms
21:28 Scale Mail Armor
26:15 Castle Age
26:37 Forging
26:49 Fishing Lines
27:56 Iron Casting
27:36 Chain Mail Armor
27:09 Long Swordsman
28:49 Squires
28:34 Gambesons
29:08 Chain Mail Armor
29:33 Wheelbarrow
29:22 Gillnets
29:18 Pikeman
31:31 Hand Cart
32:16 Bow Saw
33:02 Horse Collar
36:16 Caravan
39:18 Imperial Age
38:57 Arson
40:20 Gold Shaft Mining
39:32 Elite Jomsviking
39:43 Elite Varangian Guard
41:44 Plate Mail Armor
42:14 Blast Furnace
40:41 Halberdier
43:30 Hamask
44:37 Conscription
Joy&SalvationInChrist
2:42 Loom
13:56 Feudal Age
14:47 Double-Bit Axe
18:03 Castle Age
15:47 Horse Collar
17:25 Scale Mail Armor
17:57 Man-at-Arms
19:46 Fletching
30:54 Castle Age
30:32 Gold Mining
33:08 Wheelbarrow
32:52 Bow Saw
34:06 Wheelbarrow
33:51 Fervor
34:02 Sanctity
34:52 Redemption
38:30 Wheelbarrow
46:27 Pikeman
46:57 Pikeman
尿尿完要膽丹丹
0:45 Loom
16:42 Feudal Age
20:56 Castle Age
20:17 Double-Bit Axe
20:25 Gold Mining
21:13 Horse Collar
30:39 Imperial Age
28:49 Bow Saw
29:38 Gold Shaft Mining
30:58 Wheelbarrow
30:48 Squires
30:33 Arson
32:26 Conscription
37:11 Padded Archer Armor
38:18 Sipahi
38:39 Hoardings
38:17 Heavy Plow
39:06 Hand Cart
38:38 Town Watch
44:57 Thumb Ring
45:30 Redemption
45:41 Sanctity
47:12 Coinage
47:10 Guilds
47:01 Caravan
47:33 Guilds
47:25 Caravan
49:34 Two-Man Saw
48:47 Forging
48:37 Scale Mail Armor
脫光看大街
11:52 Feudal Age
12:47 Loom
16:32 Castle Age
15:12 Double-Bit Axe
15:12 Horse Collar
17:28 Bow Saw
17:22 Heavy Plow
19:46 Wheelbarrow
19:04 Stone Mining
20:54 Gold Mining
21:39 Stone Shaft Mining
22:03 Forging
21:53 Scale Mail Armor
21:58 Scale Barding Armor
22:00 Padded Archer Armor
21:50 Fletching
22:19 Treadmill Crane
26:18 Ballistics
26:18 Hand Cart
28:24 Town Watch
32:06 Imperial Age
29:51 Bodkin Arrow
30:11 Leather Archer Armor
30:12 Forging
30:43 Leather Archer Armor
30:33 Scale Barding Armor
30:28 Scale Mail Armor
31:08 Town Patrol
32:17 Iron Casting
31:38 Heated Shot
32:02 Fortified Wall
31:54 Murder Holes
33:19 Paper Money
33:01 Chatras
34:09 Two-Man Saw
33:35 Elite Skirmisher
34:41 Chain Barding Armor
34:21 Bracer
34:53 Ring Archer Armor
34:38 Chain Mail Armor
34:23 Elite Rattan Archer
35:12 Husbandry
35:22 Bloodlines
36:02 Caravan
36:26 Elite Battle Elephant
36:28 Imperial Skirmisher
37:15 Thumb Ring
37:46 Plate Barding Armor
38:15 Chemistry
42:15 Plate Mail Armor
46:48 Arrowslits
47:24 Bombard Tower
47:48 Guard Tower
習包子小學生
11:50 Feudal Age
11:42 Loom
12:15 Double-Bit Axe
17:34 Fishing Lines
17:46 Horse Collar
20:17 Castle Age
18:47 Fletching
22:16 Bow Saw
31:48 Imperial Age
30:04 Wheelbarrow
30:43 Heavy Plow
31:03 Forging
32:07 Chemistry
31:38 Ballistics
32:53 Wagenburg Tactics
33:28 Hand Cart
34:15 Iron Casting
34:58 Siege Engineers
34:38 Pikeman
35:54 Houfnice
37:19 Squires
39:13 Halberdier
41:46 Masonry
42:41 Blast Furnace
41:42 Scale Mail Armor
42:50 Two-Man Saw
42:58 Elite Hussite Wagon
44:30 Caravan
游侠不语只会屠民
11:44 Feudal Age
12:39 Double-Bit Axe
12:35 Man-at-Arms
14:04 Scale Mail Armor
14:15 Forging
19:05 Horse Collar
23:38 Wheelbarrow
25:14 Castle Age
24:05 Bloodlines
25:26 Gold Mining
26:20 Scale Barding Armor
26:52 Iron Casting
28:05 Capped Ram
30:04 Long Swordsman
31:50 Chain Barding Armor
32:38 Gold Shaft Mining
33:27 Wheelbarrow
38:53 Imperial Age
36:39 Hand Cart
36:11 Loom
38:11 Chain Mail Armor
38:54 Cavalier
40:14 Plate Barding Armor
40:40 Blast Furnace
40:11 Plate Mail Armor
40:18 Paladin
42:43 Two-Handed Swordsman
Connection lost

Rejoining the realm…

Still unreachable

The connection could not be restored.

Session expired

The server has moved on; the page needs a fresh start.